[Event "Team 45 45 League T67"]
[Site "Internet Chess Club"]
[Date "2016.01.30"]
[Round "8"]
[White "swagnik"]
[Black "MikeTtheGuru"]
[Result "1/2-1/2"]
[WhiteElo "1834"]
[BlackElo "2001"]
[Opening "Caro-Kann: classical variation"]
[ECO "B18"]
[Time "16:13:51"]
[TimeControl "2700+45"]

1. e4 c6 2. d4 d5 3. Nd2 dxe4 4. Nxe4 Bf5 5. Ng3 Bg6 6. Nf3 Nd7 7. Bc4 e6 8. O-O
Ngf6 9. Re1 Be7 10. Bf4 O-O 11. c3 Rc8 12. Nh4 c5 13. Nxg6 hxg6 14. dxc5 Bxc5
15. Bb3 Qb6 16. Qd2 Rfd8 17. Qe2 Qc6 18. Ne4 Nxe4 19. Qxe4 Qxe4 20. Rxe4 Nf6 21.
Ree1 Ng4 22. Rf1 Rd7 23. Ba4 Rd5 24. Bb3 Rd7 25. Ba4 Rd5 26. Bb3 Rd7 {Game drawn
by repetition} 1/2-1/2

[Event "Team 45 45 League T67"]
[Site "Internet Chess Club"]
[Date "2016.01.29"]
[Round "8"]
[White "jjimalo"]
[Black "sockbuf"]
[Result "1/2-1/2"]
[WhiteElo "1874"]
[BlackElo "1807"]
[Opening "French: King's Indian attack"]
[ECO "C00"]
[Time "10:32:52"]
[TimeControl "2700+45"]

1. e4 e6 2. d3 d5 3. Nd2 c5 4. g3 Nc6 5. Bg2 Nf6 6. Ngf3 Be7 7. O-O O-O 8. c3 b5
9. Qe2 a5 10. a4 b4 11. Rd1 bxc3 12. bxc3 Ba6 13. e5 Nd7 14. Qe3 Rb8 15. Ba3 Qc7
16. d4 cxd4 17. cxd4 Bxa3 18. Qxa3 Nb4 19. Rdc1 Qa7 20. Bf1 Bxf1 21. Kxf1 Rfc8
22. Rxc8+ Rxc8 23. Rc1 Rxc1+ 24. Qxc1 Qa6+ 25. Kg2 Qc6 {Game drawn by mutual
agreement} 1/2-1/2

[Event "Team 45 45 League T67"]
[Site "Internet Chess Club"]
[Date "2016.02.01"]
[Round "8"]
[White "rusano"]
[Black "elmaestro"]
[Result "0-1"]
[WhiteElo "1736"]
[BlackElo "1756"]
[Opening "Queen's gambit accepted"]
[ECO "D20"]
[Time "16:30:00"]
[TimeControl "2700+45"]

1. d4 d5 2. c4 dxc4 3. e3 a6 4. Bxc4 Nf6 5. Nc3 e5 6. Qb3 exd4 7. Bxf7+ Ke7 8.
exd4 Nc6 9. Nf3 Na5 10. Qb4+ c5 11. dxc5 Kxf7 12. Be3 Qc7 13. Rd1 Be7 14. Nd5
Nxd5 15. Rxd5 Be6 16. Bf4 Nc6 17. Qe4 Qa5+ 18. Bd2 Qxa2 19. Ne5+ Nxe5 20. Rxe5
Qc4 21. Qf3+ Bf6 22. Qxb7+ Kg6 23. Re3 Rhe8 24. Qc6 Rac8 25. Qf3 Bg4 26. Qg3
Rxe3+ 27. Qxe3 Qb5 28. Qe4+ Bf5 29. Qf3 Bxb2 30. g4 Re8+ 31. Be3 Bd3 32. Kd2 Rd8
33. Ke1 Bc3+ 34. Bd2 Re8+ 35. Kd1 Qb1+ 36. Bc1 Qc2# {White checkmated} 0-1

[Event "Team 45 45 League T67"]
[Site "Internet Chess Club"]
[Date "2016.01.28"]
[Round "8"]
[White "pishd"]
[Black "SilentKnight"]
[Result "1-0"]
[WhiteElo "1899"]
[BlackElo "1707"]
[Opening "King's Indian: East Indian defense"]
[ECO "A48"]
[Time "12:42:16"]
[TimeControl "2700+45"]

1. d4 Nf6 2. Nf3 g6 3. e3 Bg7 4. Be2 d5 5. b4 O-O 6. Bb2 Nbd7 7. Nbd2 Nb6 8. a4
a5 9. b5 Bf5 10. O-O Ne4 11. Nxe4 Bxe4 12. Nd2 Bf5 13. c4 dxc4 14. Nxc4 Re8 15.
Qb3 Be6 16. Rac1 Nxc4 17. Bxc4 Bxc4 18. Rxc4 Qd5 19. Qc2 e5 20. dxe5 Bxe5 21.
Bxe5 Rxe5 22. Rd1 Qe6 23. Rxc7 Qg4 24. Rd4 Qh5 25. Rxb7 Rg5 26. Qd1 Qh3 27. Rd8+
Rxd8 28. Qxd8+ Kg7 29. Qxg5 {Black resigns} 1-0

[Event "Team 45 45 League T67"]
[Site "Internet Chess Club"]
[Date "2016.01.28"]
[Round "8"]
[White "jonesey"]
[Black "THE-WARRIOR"]
[Result "1-0"]
[WhiteElo "2019"]
[BlackElo "1666"]
[Opening "French: classical, Steinitz variation"]
[ECO "C14"]
[Time "15:07:10"]
[TimeControl "2700+45"]

1. e4 e6 2. d4 d5 3. Nc3 Nf6 4. Bg5 Be7 5. e5 Nfd7 6. Bxe7 Qxe7 7. f4 a6 8. Nf3
c5 9. dxc5 Qxc5 10. Qd2 Nc6 11. O-O-O b5 12. Bd3 Nb6 13. f5 Nc4 14. Bxc4 bxc4
15. Qg5 Rg8 16. Rhe1 Rb8 17. Nxd5 exd5 18. e6 d4 19. exf7+ Kxf7 20. Qh5+ Kf6 21.
Qh4+ Kf7 22. Ng5+ Kf8 23. Nxh7+ {Black resigns} 1-0

[Event "Team 45 45 League T67"]
[Site "Internet Chess Club"]
[Date "2016.01.30"]
[Round "8"]
[White "Tobiasdelmonte"]
[Black "fledermaus"]
[Result "1/2-1/2"]
[WhiteElo "1811"]
[BlackElo "1936"]
[Opening "QGD semi-Slav: Meran variation"]
[ECO "D47"]
[Time "14:05:52"]
[TimeControl "2700+45"]

1. d4 d5 2. Nf3 Nf6 3. c4 e6 4. Nc3 c6 5. e3 Nbd7 6. Bd3 dxc4 7. Bxc4 b5 8. Bb3
Bb7 9. O-O Be7 10. Re1 O-O 11. e4 b4 12. Na4 c5 13. d5 exd5 14. exd5 Bd6 15. Bg5
Re8 16. Qd2 Qa5 17. Rac1 Rxe1+ 18. Rxe1 c4 19. Bd1 Qxd5 20. Qxd5 Bxd5 21. Nd4
Re8 22. Rxe8+ Nxe8 23. Nb5 Bb8 24. Be7 a6 25. Nd4 a5 26. Bd8 Bc7 27. Be7 f6 28.
Nb5 Be5 29. Bg4 Nb8 30. Bd8 Nc6 31. Bb6 Kf7 32. g3 c3 33. bxc3 Bxa2 34. f4 Bc4
35. fxe5 Bxb5 36. e6+ Ke7 37. Nc5 bxc3 38. Nb7 f5 39. Bxf5 Kf6 40. g4 g6 41. Bc2
Kxe6 42. Nxa5 Nf6 43. Nxc6 Bxc6 44. g5 Ne4 45. Bxe4 Bxe4 46. Ba5 c2 47. Bd2 Kd5
{Game drawn by mutual agreement} 1/2-1/2

[Event "Team 45 45 League T67"]
[Site "Internet Chess Club"]
[Date "2016.01.31"]
[Round "8"]
[White "Invicta-Knight"]
[Black "Gojira"]
[Result "1-0"]
[WhiteElo "1603"]
[BlackElo "1668"]
[Opening "Sicilian: closed"]
[ECO "B23"]
[Time "05:06:24"]
[TimeControl "2700+45"]

1. e4 c5 2. Nc3 g6 3. f4 Bg7 4. Nf3 Nc6 5. Bc4 e6 6. e5 d5 7. exd6 Qxd6 8. d3
Nf6 9. O-O a6 10. a3 b5 11. Ba2 Bb7 12. Qe1 O-O 13. Ne4 Nxe4 14. dxe4 Nd4 15. e5
Nxf3+ 16. Rxf3 Qd4+ 17. Rf2 c4 18. c3 Qd5 19. Be3 Rfd8 20. Rd2 Qc6 21. Rad1 Bf8
22. Qg3 Be7 23. Bb1 Rxd2 24. Rxd2 Rd8 25. Rd4 Rxd4 26. Bxd4 Bc5 27. Bxc5 Qxc5+
28. Qf2 Qd5 29. Bc2 h5 30. h4 Kg7 31. Kf1 Kf8 32. g3 Ke7 33. Ke1 Kd7 34. Qd2 Kc7
35. Qxd5 Bxd5 36. Kd2 Kc6 37. Ke3 Kb6 38. Bd1 Kc5 39. g4 hxg4 40. Bxg4 Kc6 41.
h5 gxh5 42. Bxh5 Bg2 43. Bxf7 Bh3 44. Bh5 a5 45. Bf3+ Kc5 46. Be4 b4 47. Kf3
bxa3 48. bxa3 Kb5 49. Kg3 Bf1 50. f5 exf5 51. Bxf5 Be2 52. Kf4 Ka4 53. Bd7+ Kxa3
54. e6 Kb3 55. Kg5 {Black resigns} 1-0

[Event "Team 45 45 League T67"]
[Site "Internet Chess Club"]
[Date "2016.01.30"]
[Round "8"]
[White "fireball"]
[Black "parrot9"]
[Result "0-1"]
[WhiteElo "1575"]
[BlackElo "1700"]
[Opening "Sicilian: Smith-Morra gambit"]
[ECO "B21"]
[Time "10:03:55"]
[TimeControl "2700+45"]

1. e4 c5 2. d4 cxd4 3. c3 Nf6 4. e5 Nd5 5. Nf3 e6 6. cxd4 Nc6 7. Bc4 d6 8. O-O
Be7 9. Nbd2 Nb6 10. Bb3 O-O 11. Qe2 Qc7 12. Nc4 Nxc4 13. Bxc4 a6 14. Bd3 Nb4 15.
Bb1 Bd7 16. Qe4 g6 17. a3 Bc6 18. Qg4 Bxf3 19. Qxf3 Nc6 20. Bf4 Nxd4 21. Qe3 Nf5
22. Rc1 Qd7 23. Bxf5 exf5 24. Rd1 d5 25. Qd4 Rfd8 26. Bh6 Qe6 27. Rac1 Rd7 28.
Rc3 Bf8 29. Bg5 Be7 30. Bh6 Bf8 31. Bg5 Bg7 32. Re3 Rc8 33. f4 h6 34. Bh4 Rc4
35. Qa7 Rxf4 36. Qb8+ Kh7 37. Bg3 Re4 38. Rb3 b5 39. Rbd3 Bxe5 40. Bxe5 Rxe5 41.
Qa8 Re1+ 42. Kf2 Qe2+ {White resigns} 0-1

[Event "Team 45 45 League T67"]
[Site "Internet Chess Club"]
[Date "2016.01.30"]
[Round "8"]
[White "Percival"]
[Black "Jack-ONeill"]
[Result "1/2-1/2"]
[WhiteElo "2001"]
[BlackElo "2024"]
[Opening "QGD: exchange, positional line, 5...c6"]
[ECO "D35"]
[Time "05:00:12"]
[TimeControl "2700+45"]

1. d4 d5 2. c4 e6 3. Nc3 Nf6 4. cxd5 exd5 5. Bg5 c6 6. e3 Bf5 7. Qf3 Bg6 8. Bxf6
Qxf6 9. Qxf6 gxf6 10. Kd2 Nd7 11. Bd3 Nb6 12. b3 Bb4 13. Ne2 Nc8 14. Ng3 Nd6 15.
h4 Kd7 16. h5 Bxd3 17. Kxd3 Bxc3 18. Kxc3 f5 19. Rh4 Rhg8 {Game drawn by mutual
agreement} 1/2-1/2

[Event "Team 45 45 League T67"]
[Site "Internet Chess Club"]
[Date "2016.01.31"]
[Round "8"]
[White "Ptzz"]
[Black "GreyWarden"]
[Result "1/2-1/2"]
[WhiteElo "2041"]
[BlackElo "2035"]
[Opening "English, 1...Nf6 (Anglo-Indian defense)"]
[ECO "A15"]
[Time "05:19:46"]
[TimeControl "2700+45"]

1. c4 Nf6 2. g3 g6 3. Bg2 Bg7 4. Nc3 O-O 5. d3 e5 6. e4 d6 7. Nge2 c6 8. O-O Be6
9. Bg5 Qd7 10. Qd2 Na6 11. Rac1 Nc7 12. Kh1 d5 13. cxd5 cxd5 14. d4 Nxe4 15.
Nxe4 dxe4 16. dxe5 Qxd2 17. Bxd2 Bxe5 18. Bxe4 Bxa2 19. Bf4 Bxf4 20. Nxf4 Ne6
21. Nxe6 Bxe6 22. Rc7 Rab8 23. f4 a5 24. f5 gxf5 25. Bxf5 Bd5+ 26. Kg1 Rfe8 27.
Rf4 Re5 28. Rg4+ Kh8 29. Bd3 Re3 30. Rd4 Be6 31. Bc4 Bxc4 32. Rdxc4 Rf3 33. Kg2
Rf6 34. g4 b5 35. Rc8+ Rxc8 36. Rxc8+ Kg7 37. Rb8 b4 38. Rb5 Rd6 39. Rxa5 Rd2+
40. Kg3 Rxb2 41. Rb5 Rb1 42. Kh4 b3 43. Kg5 h6+ 44. Kh5 Rh1 45. h4 Rh3 46. Rb6
Rd3 47. Rb5 Rc3 48. g5 hxg5 49. Kxg5 Rg3+ 50. Kf4 Rc3 51. Rb7 Kg6 52. h5+ Kxh5
53. Rxf7 Rc4+ 54. Ke3 Rb4 55. Rf1 b2 {Game drawn by mutual agreement} 1/2-1/2

[Event "Team 45 45 League T67"]
[Site "Internet Chess Club"]
[Date "2016.01.31"]
[Round "8"]
[White "EndgamesMaster"]
[Black "Holgate"]
[Result "1-0"]
[WhiteElo "2266"]
[BlackElo "2021"]
[Opening "Sicilian: Najdorf, Göteborg (Argentine) variation"]
[ECO "B98"]
[Time "15:14:26"]
[TimeControl "2700+45"]

1. e4 c5 2. Nf3 d6 3. d4 cxd4 4. Nxd4 Nf6 5. Nc3 a6 6. Bg5 e6 7. f4 Be7 8. Qf3
h6 9. Bh4 g5 10. fxg5 Nfd7 11. Qh5 Bxg5 12. Bxg5 Qxg5 13. Nxe6 Qxh5 14. Ng7+ Kf8
15. Nxh5 Nc5 16. Rd1 Bg4 17. Be2 Bxe2 18. Kxe2 Nc6 19. Rxd6 Re8 20. Nf6 Re6 21.
Nd7+ Ke7 22. Rxe6+ Nxe6 23. Nb6 Ncd4+ 24. Kd3 Rg8 25. Ncd5+ Kd8 26. g3 Nf3 27.
Nc4 b5 28. Nd6 Rg6 29. Nxf7+ Ke8 30. Nd6+ Kd7 31. Nf5 Nc5+ 32. Ke3 Ng5 33. Rd1
Ke8 34. e5 Nf7 35. Nc7+ Kf8 36. Rd5 Rc6 37. Rxc5 {Black resigns} 1-0

[Event "Team 45 45 League T67"]
[Site "Internet Chess Club"]
[Date "2016.01.31"]
[Round "8"]
[White "Tobiasdelmonte"]
[Black "kidcobra"]
[Result "1/2-1/2"]
[WhiteElo "1814"]
[BlackElo "1873"]
[Opening "Pirc: Byrne variation"]
[ECO "B07"]
[Time "13:50:35"]
[TimeControl "2700+45"]

1. d4 d6 2. e4 Nf6 3. Nc3 g6 4. Bg5 Bg7 5. Qd2 h6 6. Bh4 c6 7. Be2 Nbd7 8. f4
Qa5 9. Nf3 e5 10. dxe5 dxe5 11. fxe5 Nxe5 12. Qd6 Nxf3+ 13. gxf3 Be6 14. O-O-O
g5 15. Bf2 Bf8 16. Qd4 Be7 17. h4 Rg8 18. hxg5 hxg5 19. Kb1 Nd7 20. Rh8 Rxh8 21.
Qxh8+ Bf8 22. Be1 Qb6 23. Bd2 f6 24. f4 O-O-O 25. Qh5 gxf4 26. Bxf4 Ba3 27. Bc1
Bb4 28. Qf3 Qa5 29. a3 Bxc3 30. Qxc3 Qxc3 31. bxc3 Nc5 32. Rxd8+ Kxd8 33. Bf3
Na4 34. Bd2 Kd7 35. Kc1 a6 36. Be1 Nb6 37. Bh4 f5 38. Bf2 Nc4 39. Bc5 b6 40.
exf5 Bxf5 41. Be2 b5 42. a4 Be6 43. axb5 axb5 44. Bxc4 {Game drawn by mutual
agreement} 1/2-1/2

[Event "Team 45 45 League T67"]
[Site "Internet Chess Club"]
[Date "2016.01.31"]
[Round "8"]
[White "JJ12"]
[Black "searchforbobby1"]
[Result "1-0"]
[WhiteElo "2108"]
[BlackElo "1974"]
[Opening "Pirc defense"]
[ECO "B07"]
[Time "20:15:07"]
[TimeControl "2700+45"]

1. e4 d6 2. d4 Nf6 3. Nc3 g6 4. Be3 c6 5. f3 Bg7 6. Qd2 b5 7. a3 O-O 8. O-O-O a5
9. Bh6 b4 10. Nb1 Na6 11. Ne2 Rb8 12. a4 b3 13. c3 c5 14. h4 cxd4 15. Nxd4 Qc7
16. Bxa6 Bxa6 17. h5 Qd7 18. g4 Bh8 19. Bxf8 Kxf8 20. hxg6 fxg6 21. Na3 Qxa4 22.
Ne6+ Kf7 23. Ng5+ Kg8 24. Rxh7 Bg7 25. Rh3 Bc4 26. Rdh1 Bf7 27. Qh2 Kf8 28. Kb1
Bg8 29. Qd2 Qc6 30. R3h2 a4 31. Nh3 Nd7 32. Qe2 Ne5 33. Nf4 Rc8 34. Qb5 Qc7 35.
Nd5 Qd8 36. Qxa4 e6 37. Ne3 Ra8 38. Qxb3 Rb8 39. Qc2 Qc7 40. f4 Nd7 41. Re2 Qc5
42. Kc1 Ra8 43. f5 exf5 44. exf5 Bb3 45. Qxb3 Ne5 46. fxg6 Qc6 47. Rf1+ Ke7 48.
Nf5+ Kd7 49. Nxg7 {Black resigns} 1-0

[Event "Team 45 45 League T67"]
[Site "Internet Chess Club"]
[Date "2016.01.30"]
[Round "8"]
[White "Monterrey"]
[Black "The7thGuest"]
[Result "1-0"]
[WhiteElo "2028"]
[BlackElo "1948"]
[Opening "Benkö gambit"]
[ECO "A57"]
[Time "11:00:11"]
[TimeControl "2700+45"]

1. d4 Nf6 2. c4 c5 3. d5 b5 4. Qc2 bxc4 5. e4 d6 6. Bxc4 g6 7. f4 Bg7 8. Nf3 O-O
9. O-O Ba6 10. Na3 Bxc4 11. Nxc4 Nbd7 12. Bd2 Qc7 13. Bc3 e6 14. e5 Nxd5 15.
exd6 Qc6 16. Bxg7 Kxg7 17. Nfe5 Nxe5 18. fxe5 f6 19. exf6+ Rxf6 20. Rxf6 Nxf6
21. Rf1 Qe4 22. Qxe4 Nxe4 23. Re1 Ng5 24. h4 Nf7 25. Rxe6 Rd8 26. Kf2 Kf8 27.
Kf3 g5 28. h5 Re8 29. Rxe8+ Kxe8 30. Ke4 Nh6 31. Ke5 Kd7 32. Kf6 g4 33. Kg5 Nf7+
34. Kxg4 Nxd6 35. Nxd6 Kxd6 36. Kf5 Kd5 37. g4 c4 38. g5 Kd4 39. g6 hxg6+ 40.
hxg6 Kd3 41. Ke5 Kc2 42. Kd4 Kxb2 43. Kxc4 Kxa2 44. Kb5 {Black resigns} 1-0

[Event "Team 45 45 League T67"]
[Site "Internet Chess Club"]
[Date "2016.01.31"]
[Round "8"]
[White "JPSVI"]
[Black "chsrules88"]
[Result "1/2-1/2"]
[WhiteElo "1622"]
[BlackElo "2063"]
[Opening "Van't Kruijs opening"]
[ECO "A00"]
[Time "20:50:47"]
[TimeControl "2700+45"]

1. e3 e5 2. d4 exd4 3. exd4 d5 4. Nf3 Nf6 5. Bd3 Bd6 6. O-O O-O 7. Re1 h6 8. h3
Be6 9. Be3 Nc6 10. Nc3 Qd7 11. Qd2 Bxh3 {Game drawn by mutual agreement} 1/2-1/2

[Event "Team 45 45 League T67"]
[Site "Internet Chess Club"]
[Date "2016.01.30"]
[Round "8"]
[White "fishhead"]
[Black "Skeptic1972"]
[Result "1/2-1/2"]
[WhiteElo "1792"]
[BlackElo "1527"]
[Opening "Ruy Lopez: closed"]
[ECO "C90"]
[Time "13:12:23"]
[TimeControl "2700+45"]

1. e4 e5 2. Nf3 Nc6 3. Bb5 a6 4. Ba4 Nf6 5. O-O Be7 6. Re1 b5 7. Bb3 d6 8. c3
Na5 9. Bc2 c5 10. d4 Qc7 11. d5 Bg4 12. h3 Bh5 13. Nbd2 O-O 14. Nf1 b4 15. Ng3
Bg6 16. Nh4 bxc3 17. bxc3 Nc4 18. Qe2 Nb6 19. Ngf5 Bxf5 20. Nxf5 Bd8 21. g4 Nbd7
22. g5 Ne8 23. Qg4 g6 24. Nh6+ Kh8 25. Re3 Ng7 26. Rf3 f6 27. h4 fxg5 28. Nf7+
Kg8 29. Nh6+ Kh8 30. hxg5 Rxf3 31. Qxf3 Be7 32. Nf7+ Kg8 33. Nh6+ Kh8 34. Nf7+
Kg8 35. Nh6+ Kh8 {Game drawn by repetition} 1/2-1/2

[Event "Team 45 45 League T67"]
[Site "Internet Chess Club"]
[Date "2016.01.30"]
[Round "8"]
[White "elessar"]
[Black "pokerram"]
[Result "1-0"]
[WhiteElo "1667"]
[BlackElo "1674"]
[Opening "Sicilian: Kan, Polugaievsky variation"]
[ECO "B42"]
[Time "12:00:16"]
[TimeControl "2700+45"]

1. e4 c5 2. Nf3 e6 3. d4 cxd4 4. Nxd4 a6 5. Bd3 Bc5 6. Nb3 Be7 7. Qg4 g6 8. Qe2
Nc6 9. O-O Qc7 10. Be3 Nb4 11. Rc1 d6 12. a3 Nc6 13. Nc3 Bf6 14. Nd1 b6 15. Rab1
Bg7 16. f3 h5 17. Nf2 Nge7 18. Qd2 Bb7 19. Nh3 f6 20. Nf4 Bc8 21. Qf2 b5 22. h4
g5 23. hxg5 fxg5 24. Nh3 g4 25. Nf4 e5 26. Nd5 Nxd5 27. exd5 Ne7 28. Be4 h4 29.
Bb6 Qd7 30. fxg4 Qxg4 31. Bf3 Qg6 32. Re1 h3 33. Be4 h2+ 34. Kh1 Nf5 35. Bxf5
Bxf5 36. Nd4 Be4 37. Ne6 Kd7 38. Rxe4 Raf8 39. Nxf8+ Rxf8 40. Qe2 Rf4 41. Rxf4
{Black resigns} 1-0

[Event "Team 45 45 League T67"]
[Site "Internet Chess Club"]
[Date "2016.01.29"]
[Round "8"]
[White "idjit"]
[Black "Hal2001"]
[Result "0-1"]
[WhiteElo "1556"]
[BlackElo "1667"]
[Opening "Robatsch (modern) defense"]
[ECO "B06"]
[Time "11:02:20"]
[TimeControl "2700+45"]

1. e4 g6 2. d4 Bg7 3. Nf3 c5 4. Be3 cxd4 5. Bxd4 Nf6 6. e5 Ng8 7. e6 f6 8. exd7+
Bxd7 9. Bc4 Nc6 10. Ng5 Qa5+ {White resigns} 0-1

[Event "Team 45 45 League T67"]
[Site "Internet Chess Club"]
[Date "2016.01.28"]
[Round "8"]
[White "Constrictor"]
[Black "bayoumicardio10"]
[Result "1/2-1/2"]
[WhiteElo "1627"]
[BlackElo "1755"]
[Opening "Bird's opening"]
[ECO "A03"]
[Time "17:15:42"]
[TimeControl "2700+45"]

1. f4 d5 2. Nf3 e6 3. b3 Nf6 4. Bb2 c5 5. e3 Bd6 6. Bb5+ Bd7 7. Qe2 Bxb5 8.
Qxb5+ Qd7 9. Qxd7+ Nbxd7 10. d3 O-O 11. Nbd2 b5 12. Ke2 Rac8 13. c4 bxc4 14.
bxc4 d4 15. exd4 Bxf4 16. Rab1 Rfd8 17. Nb3 cxd4 18. Nbxd4 Nc5 19. g3 Bc7 20.
Rhd1 e5 21. Nc6 e4 22. dxe4 Rxd1 23. Rxd1 Re8 24. e5 Ng4 25. h3 Nxe5 26. Ncxe5
f6 27. Kf1 fxe5 28. Rd5 Ne4 29. Kg2 Nf6 30. Rb5 e4 31. Ne1 Rb8 32. Bd4 Rxb5 33.
cxb5 Bb6 34. Nc2 Nd5 35. Bxb6 axb6 36. Kf2 Nc3 37. Ke3 Nxb5 38. Kxe4 Nc3+ 39.
Kd3 Nxa2 40. Kc4 Nc1 41. Kb5 Ne2 42. g4 Ng1 43. h4 Nf3 44. h5 Ne5 45. g5 Nf7 46.
g6 hxg6 47. hxg6 Ne5 48. Nd4 Nxg6 49. Ne6 Ne5 50. Nxg7 Nd7 51. Ne6 Kf7 52. Nc7
Ke7 53. Nd5+ Kd6 54. Nxb6 {Game drawn because neither player has mating
material} 1/2-1/2

[Event "Team 45 45 League T67"]
[Site "Internet Chess Club"]
[Date "2016.01.31"]
[Round "8"]
[White "anna"]
[Black "Packerfan"]
[Result "0-1"]
[WhiteElo "1828"]
[BlackElo "1803"]
[Opening "Giuoco Piano"]
[ECO "C54"]
[Time "14:30:13"]
[TimeControl "2700+45"]

1. e4 e5 2. Nf3 Nc6 3. Bc4 Bc5 4. c3 Nf6 5. d3 d6 6. h3 h6 7. Bb3 O-O 8. O-O Be6
9. Bc2 Ne7 10. d4 exd4 11. cxd4 Bb6 12. Nc3 c6 13. Be3 Qd7 14. Qe2 Rad8 15. Nd2
d5 16. e5 Ne8 17. f4 Nf5 18. Qf2 a6 19. Ne2 f6 20. Bxf5 Bxf5 21. g4 Bd3 22. Nf3
f5 23. g5 Qe6 24. Kh2 Kh8 25. Rg1 Bxe2 26. Qxe2 Rd7 27. Nh4 Bd8 28. Qh5 Rg8 29.
gxh6 Qxh6 30. Qxh6+ gxh6 31. Rxg8+ Kxg8 32. Nxf5 Kh7 33. Rg1 Rf7 34. Ng3 Ng7 35.
Rf1 Kg6 36. Kg2 Bb6 37. Kf3 a5 38. Rg1 Kh7 39. Kg4 Kg6 40. e6 h5+ 41. Kh4 Bd8+
42. e7 Bxe7# {White checkmated} 0-1

[Event "Team 45 45 League T67"]
[Site "Internet Chess Club"]
[Date "2016.01.28"]
[Round "8"]
[White "clarinetref"]
[Black "Elton2013"]
[Result "1/2-1/2"]
[WhiteElo "1626"]
[BlackElo "1750"]
[Opening "Réti: King's Indian attack"]
[ECO "A05"]
[Time "20:00:25"]
[TimeControl "2700+45"]

1. Nf3 Nf6 2. g3 g6 3. Bg2 Bg7 4. O-O O-O 5. c4 d6 6. d4 c6 7. Nc3 Nbd7 8. e4
Qc7 9. Re1 e5 10. h3 a6 11. Be3 b5 12. cxb5 axb5 13. dxe5 dxe5 14. Qc2 Ba6 15.
Rec1 Rfc8 16. a4 b4 17. Nd5 Qd6 18. Nb6 Nxb6 19. Bxb6 Nd7 20. Bc5 Nxc5 21. Qxc5
Qxc5 22. Rxc5 f6 23. Rac1 Bb7 24. b3 Bf8 25. R5c2 c5 26. Nd2 Bg7 27. Rxc5 Rd8
28. Nc4 Bh6 29. Rc2 Rd3 30. Na5 Ba6 31. Kh2 Rd1 32. Nc6 Bd3 33. Rb2 Bc1 34. Ra2
Ba3 35. Bf3 Bb1 36. Bxd1 Bxa2 37. Rb5 Bb1 38. f3 Bd3 39. Rd5 Ba6 40. f4 exf4 41.
gxf4 Bb7 42. Rd6 Re8 43. Bf3 Bc1 44. Rxf6 Kg7 45. e5 g5 46. Rd6 Bxf4+ 47. Kg2
Bxc6 48. Bxc6 Rxe5 49. Rd7+ Kg6 50. Bb5 h6 51. Rd6+ Kg7 52. Rd7+ Kf6 53. Bc4 Re3
54. Rf7+ Kg6 55. Rb7 Rg3+ 56. Kf1 Bd2 57. Be6 Re3 58. Rb6 {Game drawn by mutual
agreement} 1/2-1/2

[Event "Team 45 45 League T67"]
[Site "Internet Chess Club"]
[Date "2016.02.01"]
[Round "8"]
[White "viktory"]
[Black "Lrn2Mate"]
[Result "0-1"]
[WhiteElo "1712"]
[BlackElo "1645"]
[Opening "King's Indian: 4.e4"]
[ECO "E70"]
[Time "20:30:08"]
[TimeControl "2700+45"]

1. d4 Nf6 2. c4 g6 3. Nc3 Bg7 4. e4 d6 5. Bd3 O-O 6. Nge2 Nc6 7. O-O e5 8. d5
Nd4 9. Nxd4 exd4 10. Nb5 Re8 11. Re1 Bd7 12. Nxd4 Nxd5 13. exd5 Bxd4 14. Be4 Qf6
15. Qc2 Bf5 16. Bf4 Bxe4 17. Rxe4 Be5 18. Rae1 Re7 19. Qe2 Rae8 20. b4 Kf8 21.
Bh6+ Kg8 22. h4 Bh2+ 23. Kf1 Rxe4 24. Qxe4 Rxe4 25. Rxe4 Qd8 26. c5 Be5 27. f4
Qxh4 28. Bg5 Qg4 29. Kf2 Kg7 30. cxd6 Bxd6 31. g3 Qf5 32. Ke3 Qxd5 33. g4 Qxa2
34. f5 Qb3+ 35. Ke2 Qc2+ 36. Kf3 Qd3+ 37. Re3 Qxe3+ 38. Kxe3 Bxb4 39. f6+ Kf8
40. Kd4 a5 41. Kc4 Ke8 42. Bf4 Kd7 43. Kb3 c6 44. g5 Ke6 45. Bc1 b5 46. Be3 Kf5
47. Bc1 Bd6 48. Bd2 a4+ 49. Ka2 Bf4 50. Bxf4 Kxf4 51. Ka3 Kxg5 52. Kb4 h5 53.
Kc5 h4 54. Kd6 Kxf6 55. Kd7 h3 56. Kc7 h2 57. Kb6 h1=Q 58. Ka6 Ke6 59. Kb6 Kd5
60. Ka6 Qh8 61. Kb7 Qd8 62. Ka6 Kc5 63. Ka7 Qc7+ 64. Ka8 Qe7 65. Kb8 Kb6 66. Ka8
Qb7# {White checkmated} 0-1

[Event "Team 45 45 League T67"]
[Site "Internet Chess Club"]
[Date "2016.01.30"]
[Round "8"]
[White "tryanything"]
[Black "kls1"]
[Result "0-1"]
[WhiteElo "1575"]
[BlackElo "1380"]
[Opening "Caro-Kann: exchange variation"]
[ECO "B13"]
[Time "04:22:29"]
[TimeControl "2700+45"]

1. e4 c6 2. d4 d5 3. exd5 cxd5 4. Nf3 Nf6 5. h3 e6 6. Bd3 Nc6 7. O-O Be7 8. c3
O-O 9. Bf4 Bd7 10. Nbd2 Rc8 11. Rc1 Qb6 12. Nb3 a5 13. a4 Rfd8 14. Bb5 Na7 15.
Bxd7 Nxd7 16. Rb1 Nc6 17. Re1 Nf6 18. Ne5 Nxe5 19. Bxe5 Rc4 20. Nd2 Rc6 21. Re3
Nd7 22. Nf3 f6 23. Bh2 Rc4 24. b3 Rc6 25. Qe1 Rdc8 26. g4 Bd6 27. Bxd6 Rxd6 28.
b4 axb4 29. Rxb4 Qa6 30. Qb1 Nb6 31. Qb3 Rdc6 32. Kg2 Nc4 33. Re1 Na5 34. Qb2
Rxc3 35. Rb6 Qd3 36. Re3 Qxe3 37. fxe3 Rc2+ 38. Qxc2 Rxc2+ 39. Kg3 Rc6 40. Rb5
b6 41. Ne1 Nc4 42. Kf2 Nd2 43. Ke2 Ne4 44. Nd3 Nc3+ {White resigns} 0-1

[Event "Team 45 45 League T67"]
[Site "Internet Chess Club"]
[Date "2016.01.30"]
[Round "8"]
[White "Invicta-Knight"]
[Black "Mitochondria"]
[Result "0-1"]
[WhiteElo "1582"]
[BlackElo "1516"]
[Opening "French: advance, Milner-Barry gambit"]
[ECO "C02"]
[Time "14:30:31"]
[TimeControl "2700+45"]

1. e4 e6 2. d4 d5 3. e5 c5 4. c3 Nc6 5. Bd3 Qb6 6. Nf3 Bd7 7. O-O cxd4 8. cxd4
Nxd4 9. Nxd4 Qxd4 10. Qe2 Ne7 11. Kh1 Nc6 12. f4 a6 13. a4 Nb4 14. Rd1 Nxd3 15.
Rxd3 Qc4 16. Be3 Be7 17. Nc3 O-O 18. b3 Qb4 19. Bd2 Qb6 20. a5 Qd8 21. Qf3 Bb4
22. Nxd5 Bc6 23. Nf6+ Qxf6 24. exf6 Bxf3 25. Bxb4 Be4 26. Rd4 Bxg2+ 27. Kxg2
Rfd8 28. Rad1 Rxd4 29. Rxd4 gxf6 30. Rd7 Rc8 31. Rxb7 Rc2+ 32. Kg3 Rb2 33. Bc3
Ra2 34. Bxf6 h6 35. b4 Ra3+ 36. Kg4 Kh7 37. h4 Kg6 38. Be7 h5# {White
checkmated} 0-1

[Event "Team 45 45 League T67"]
[Site "Internet Chess Club"]
[Date "2016.01.31"]
[Round "8"]
[White "Zyme"]
[Black "bardu"]
[Result "0-1"]
[WhiteElo "1411"]
[BlackElo "1411"]
[Opening "Nimzo-Indian: Sämisch variation"]
[ECO "E29"]
[Time "10:07:06"]
[TimeControl "2700+45"]

1. d4 Nf6 2. c4 e6 3. Nc3 Bb4 4. a3 Bxc3+ 5. bxc3 c5 6. e3 O-O 7. Nf3 d6 8. Bd3
Nc6 9. O-O e5 10. d5 Na5 11. Re1 h6 12. e4 Qe7 13. Bd2 Bg4 14. Re3 a6 15. Qc1
Nb3 16. Qb2 Nxa1 17. Qxa1 Rab8 18. Qc1 Nh5 19. Be2 Nf4 20. Kf1 Qf6 21. Nd4 cxd4
{White resigns} 0-1